 Dungeon Crawl Stone Soup version 0.30.1-11-g7821555f0a (webtiles) character file.

Game seed: 8117351180644912765

47 Peloso the Covered (level 3, -4/49 HPs)
             Began as a Minotaur Fighter on Dec 16, 2023.
             Slain by a gnoll
             ... wielding a +0 flail
              (6 damage)
             ... on level 2 of the Dungeon.
             The game lasted 00:02:00 (1175 turns).

Peloso the Covered (Minotaur Fighter)               Turns: 1175, Time: 00:02:00

Health: -4/49      AC: 21    Str: 20    XL:     3   Next: 48%
Magic:  2/2        EV:  2    Int:  5    God:
Gold:   96         SH:  4    Dex: 11    Spells: 2/2 levels left

rFire   . . .        a - +0 long sword
rCold   . . .        d - +0 buckler
rNeg    . . .        b - melded +0 scale mail
rPois   +            (helmet currently unavailable)
rElec   .            (cloak currently unavailable)
rCorr   .            (gloves currently unavailable)
SInv    .            (boots currently unavailable)
Will    .....        (no amulet)
Stlth   +            (no ring)
HPRegen 0.28/turn    (no ring)
MPRegen 0.08/turn

%: no passive effects
@: tree-form
A: stationary, stasis, torment immunity, boosted hp, (horns 2), (retaliatory
headbutt)
a: no special abilities


You were on level 2 of the Dungeon.
You were a tree.
You visited 1 branch of the dungeon, and saw 2 of its levels.

You collected 96 gold pieces.

Inventory:

Hand Weapons
 a - a +0 long sword (weapon)
 c - a +4 spear
Armour
 b - a +0 scale mail (melded)
 d - a +0 buckler (worn)
Scrolls
 e - 2 scrolls of identify {unknown}
 f - a scroll of fog {unknown}
 i - a scroll of enchant armour {unknown}
Potions
 g - a potion of cancellation
 j - 2 potions of might


   Skills:
 + Level 4.1 Fighting
 + Level 3.6 Long Blades
 + Level 4.2 Armour
 + Level 0.1 Dodging
 + Level 3.8 Shields


You had 2 spell levels left.
You didn't know any spells.
Your spell library contained the following spells:

 Spells                   Type           Power      Damage    Failure   Level
 Sting                    Tmut/Pois      0%         1d3       54%         1
 Poisonous Vapours        Pois/Air       0%         N/A       69%         2
 Olgreb's Toxic Radiance  Pois           0%         N/A       100%        4


Dungeon Overview and Level Annotations

Branches:
Dungeon (2/15)

Altars:

Shops:
D:1 [?


Innate Abilities, Weirdness & Mutations

You are a tree.
Your roots penetrate the ground, keeping you stationary.
You cannot be teleported.
You are immune to unholy pain and torment.
Your maximum health is greatly increased.
Your equipment is partially melded.
((You have a pair of horns on your head.))
((You reflexively headbutt those who attack you in melee.))


Message History

A gnoll comes into view. It is wielding a +0 flail.
The gnoll hits you with a +0 spear.
You hit the gnoll.
The gnoll is moderately wounded.
You block the gnoll's attack.
You hit the gnoll.
The gnoll is heavily wounded.
The gnoll misses you. You furiously retaliate!
You headbutt the gnoll, but do no damage.
You slash the gnoll!
You kill the gnoll!
A gnoll comes into view. It is wielding a +0 halberd.
A gnoll comes into view. It is wielding a +0 halberd.
The gnoll shouts!
The gnoll hits you with a +0 flail! The gnoll barely misses you.
The gnoll moves out of view.
Things that are here:
a +0 spear; a +0 robe; 14 gold pieces The gnoll hits you from afar with a +0 halberd!
You block the gnoll's attack. The gnoll hits you with a +0 halberd!
* * * LOW HITPOINT WARNING * * *
The gnoll misses you. The gnoll completely misses you.
The gnoll attacks as you move away! The gnoll hits you with a +0 flail.
* * * LOW HITPOINT WARNING * * *
The gnoll barely misses you. The gnoll attacks as you move away!
The gnoll hits you but does no damage.
The gnoll throws a throwing net.
The throwing net closely misses you.
The gnoll throws a stone.
The stone hits you.
* * * LOW HITPOINT WARNING * * *
It was a potion of cancellation.
You feel magically purged.
The gnoll throws a stone.
The stone hits you but does no damage.
Okay, then.
It was a potion of lignification.
You turn into a tree.
Your +0 scale mail melds into your body.
Your roots penetrate the ground.
You block the gnoll's attack.
Unknown command.
You hit the gnoll.
The gnoll is moderately wounded.
The gnoll hits you but does no damage. The gnoll hits you with a +0 flail.
You die...

...# ######## #.###########. ...#
#......# #.# #. ...#
#......########.# #########.
...###......##.......###.......#.
...'.'......''.........+.......#.
...###......##.......###.......#.
...# ##############.####.......#.
...# #(g......###'#...... '###
#.#♣...#.###.#...... .#
##########g#....#.#...#......
.####........#.#g.....#.########.
....'........g.g....[....>..# ##
....#........#)#...##.#.#.#.####
....#........#.#...##.#.#.#....#
....#........#.######..(#.#.##.#
....#........#.######.#.#.#..#.##
....#........#......#.#.#.#......


You could see 3 gnolls.

Vanquished Creatures
  A gnoll (D:2)
  An adder (D:2)
  4 ball pythons
  A bat (D:1)
  An endoplasm (D:2)
  A giant cockroach (D:2)
  7 goblins (D:1)
  2 hobgoblins
  A kobold (D:2)
  2 quokkas (D:1)
  A frilled lizard (D:1)
  3 rats
25 creatures vanquished.

Notes
Turn   | Place    | Note
-------+----------+-------------------------------------------
     0 | D:1      | Peloso the Minotaur Fighter began the quest for the Orb.
     0 | D:1      | Reached XP level 1. HP: 19/19 MP: 0/0
   166 | D:1      | Reached XP level 2. HP: 26/27 MP: 1/1
   270 | D:1      | Found Otsamockie's Antique Armour Shop.
   279 | D:1      | Found Nufas's Magic Scroll Shop.
   613 | D:2      | Found a faded altar of an unknown god.
   826 | D:2      | Reached XP level 3. HP: 22/33 MP: 2/2
  1172 | D:2      | HP: 1/33 [gnoll/stone (2)]
  1175 | D:2      | Slain by a gnoll

Illustrated notes

Levels and vault maps discovered:
D:1:      dpeg_arrival_shelter, layout_basic, serial_shops, shop,
          nicolae_shop_trees
D:2:      layout_basic, nicolae_ecumenical_oubliette

Skill      XL: |  1  2 |
---------------+-------+-----
Armour         | 4 |  4.2
Fighting       | 4 |  4.1
Long Blades    | 3 |  3.6
Dodging        | |  0.1
Shields        | |  3.8

Action                     || total
---------------------------++-------
  Melee: Long sword        ||    58
         Headbutt          ||     4
    Use: Potion            ||     2
 Armour: Scale mail        ||    31
         Skin              ||     1
  Dodge: Dodged            ||    22
  Block: Buckler           ||    26
